AoeStats
← vikman85

Arena

509722052Analyzed
4v4 RM · 3d ago on Sep 27, 2026· 49m 13s· 8 players
Game mode
Random Map
Map size
Large (8 player)
Population
200
Speed
Normal
Resources
Standard
Victory
Conquest
Starting age
Dark Age
Ending age
Imperial Age
RankedLock teamsTeams togetherTeam positionsShared explorationLock speedFull tech treeHidden civsTurbo modeCheats
Victory
Defeat
🇮🇳 Malians · India
1282
+11
🇨🇳 Poles · China
1262
+12
🇦🇷 Bohemians · Argentina
1228
+14
🇨🇿 Varangians · Czechia
1182
+15
🇪🇸 Danes · Spain
1254
-15
🇪🇸 Varangians · Spain
1198
-14
🇪🇸 Gurjaras · Spain
1192
-14
🇪🇸 Persians · Spain
1058
-9
Jumbo2_22
10:26 Feudal Age
15:05 Castle Age
14:53 Forging
14:49 Scale Barding Armor
14:40 Double-Bit Axe
15:50 Bloodlines
21:29 Horse Collar
22:56 Loom
24:01 Wheelbarrow
24:48 Arson
25:07 Squires
27:11 Husbandry
29:47 Hand Cart
32:13 Imperial Age
29:10 Vendel Legacy
30:13 Gold Mining
30:14 Stone Mining
32:51 Iron Casting
32:36 Chain Barding Armor
32:47 Elite Varangian Guard
33:11 Gothikon
35:00 Cavalier
39:12 Bow Saw
39:09 Heavy Plow
40:54 Blast Furnace
40:40 Plate Barding Armor
40:05 Scale Mail Armor
42:32 Conscription
45:12 Two-Man Saw
45:58 Crop Rotation
48:04 Chemistry
47:53 Chain Mail Armor
丧心病狂
10:55 Feudal Age
12:58 Forging
12:53 Scale Barding Armor
12:38 Double-Bit Axe
13:17 Bloodlines
16:26 Horse Collar
20:35 Castle Age
21:40 Bow Saw
21:59 Heavy Plow
25:51 Wheelbarrow
27:28 Hand Cart
26:58 Town Watch
26:59 Loom
28:00 Gold Mining
28:00 Stone Mining
29:45 Iron Casting
29:30 Chain Barding Armor
32:34 Imperial Age
30:32 Town Patrol
31:09 Stone Shaft Mining
31:06 Husbandry
30:28 Light Cavalry
32:48 Szlachta Privileges
32:47 Cavalier
34:30 Blast Furnace
34:33 Conscription
34:35 Lechitic Legacy
33:53 Winged Hussar
45:32 Crop Rotation
heavensent
9:55 Feudal Age
9:30 Loom
13:47 Castle Age
14:42 Fletching
20:13 Double-Bit Axe
21:37 Redemption
36:58 Bow Saw
40:26 Fervor
40:43 Sanctity
46:55 Imperial Age
45:54 Chemistry
46:16 Wheelbarrow
48:06 Hand Cart
snek_fan
10:27 Feudal Age
14:37 Castle Age
12:46 Double-Bit Axe
14:16 Stone Mining
16:00 Horse Collar
20:28 Loom
25:42 Bow Saw
27:33 Wheelbarrow
31:12 Imperial Age
29:06 Heavy Plow
30:11 Scale Mail Armor
30:55 Hand Cart
31:01 Hand Cart
30:31 Town Watch
31:19 Gold Mining
31:55 Chain Mail Armor
33:42 Chemistry
32:55 Squires
34:09 Forging
35:12 Plate Mail Armor
34:32 Fletching
34:55 Masonry
36:09 Iron Casting
35:25 Fletching
36:45 Elite Gbeto
38:35 Bodkin Arrow
39:50 Crop Rotation
40:12 Hoardings
40:24 Murder Holes
VimaraPeres
10:21 Feudal Age
10:32 Feudal Age
11:49 Loom
14:39 Castle Age
13:47 Double-Bit Axe
13:43 Horse Collar
19:53 Fletching
19:55 Town Watch
22:30 Gold Mining
23:48 Bodkin Arrow
24:03 Forging
23:54 Scale Mail Armor
25:30 Bow Saw
25:35 Stone Mining
26:55 Kshatriyas
27:51 Wheelbarrow
31:04 Iron Casting
31:41 Hand Cart
31:29 Heavy Plow
32:05 Chain Mail Armor
35:14 Imperial Age
36:44 Conscription
39:04 Siege Elephant
39:19 Elite Chakram Thrower
42:53 Bloodlines
42:44 Husbandry
42:04 Heavy Camel Rider
42:37 Elite Chakram Thrower
43:47 Scale Barding Armor
44:25 Plate Mail Armor
46:21 Chain Barding Armor
vikman85
11:00 Feudal Age
12:04 Double-Bit Axe
12:01 Horse Collar
14:33 Castle Age
16:19 Bow Saw
17:43 Loom
17:59 Loom
20:37 Heavy Plow
20:58 Stone Mining
22:21 Wheelbarrow
22:04 Gold Mining
23:36 Hand Cart
25:47 Gold Shaft Mining
25:48 Stone Shaft Mining
29:26 Imperial Age
26:51 Gambesons
27:06 Squires
26:51 Arson
27:08 Scale Mail Armor
27:18 Forging
29:00 Chain Mail Armor
28:52 Hamask
30:24 Iron Casting
30:06 Elite Varangian Guard
31:44 Plate Mail Armor
32:15 Blast Furnace
31:41 Ballistics
34:15 Conscription
35:45 Siege Engineers
36:41 Chemistry
35:52 Masonry
35:08 Northmen's Fury
35:56 Heavy Scorpion
37:16 Fletching
37:47 Capped Ram
38:28 Bodkin Arrow
39:28 Coinage
40:19 Town Watch
40:55 Bracer
42:30 Banking
42:43 Pikeman
44:00 Halberdier
44:41 Siege Ram
dalogax
10:13 Feudal Age
14:23 Castle Age
14:00 Double-Bit Axe
14:00 Horse Collar
18:26 Wheelbarrow
17:51 Loom
25:03 Hand Cart
31:00 Imperial Age
29:14 Scale Barding Armor
29:20 Forging
29:58 Light Cavalry
30:49 Bloodlines
30:41 Husbandry
30:54 Devotion
31:28 Chain Barding Armor
32:09 Hussar
34:27 Cavalier
37:52 Town Watch
38:27 Gold Mining
39:52 Heavy Camel Rider
41:50 Plate Barding Armor
41:50 Iron Casting
43:19 Gold Shaft Mining
43:14 Conscription
44:55 Bow Saw
48:00 Town Patrol
DK_rudyairlines
6:36 Loom
8:54 Feudal Age
13:33 Fletching
28:08 Castle Age
26:27 Horse Collar
26:34 Double-Bit Axe
29:39 Bloodlines
33:32 Bloodlines
40:53 Light Cavalry
42:48 Fortified Wall
43:01 Ballistics
42:42 Bodkin Arrow
44:20 Masonry
47:48 Imperial Age
45:58 Wheelbarrow
45:11 Town Watch
45:32 Husbandry
45:48 Scale Barding Armor
48:16 Chain Barding Armor
Connection lost

Rejoining the realm…

Still unreachable

The connection could not be restored.

Session expired

The server has moved on; the page needs a fresh start.